Map: [ESL] Glittering Ashes

Players

Kelazhur

  • Race: Terran Terran

SKillous - Winner!

  • Race: Protoss Protoss

Event: IEM Katowice 2022

VOD

Have the link to the VOD?

Description

Time

  • Played on: Feb. 23, 2022, 10:06 a.m.
  • Length: 19:44

All games in this series

Show
View Real Time Build Order
Export as new Build Order

Kelazhur Terran 

Build Orders:  

Get SALT Encoding   

  12  0:00  SCV  
  13  0:12  SCV  
  14  0:17  Supply Depot  
  14  0:24  SCV  
  14  0:27  Refinery  
  15  0:38  SCV  
  16  0:46  Barracks  
  16  0:50  SCV  
  17  1:02  Engineering Bay  
  17  1:06  SCV  
  19  1:18  SCV  
  19  1:34  Orbital Command  
  19  1:35  Marine  
  20  1:40  Factory  
  20  1:50  Supply Depot  
  20  1:54  Barracks Reactor  
  20  2:00  SCV  
  21  2:12  SCV  
  22  2:21  Command Center  
  22  2:24  SCV  
  23  2:35  Hellion x2  
  27  2:38  Supply Depot  
  27  2:39  SCV  
  28  2:48  Starport  
  29  2:51  SCV  
  31  2:58  Hellion  
  31  3:01  Hellion  
  31  3:04  SCV  
  32  3:15  Refinery  
  32  3:17  SCV  
  33  3:22  Widow Mine  
  33  3:23  Widow Mine  
  39  3:34  SCV  
  38  3:48  Orbital Command  
  38  3:51  Viking  
  38  3:52  SCV, Factory Tech Lab  
  41  3:59  Marine x2  
  43  4:04  SCV  
  40  4:13  Cyclone  
  40  4:14  SCV  
  40  4:16  SCV  
  41  4:19  Marine x2  
  41  4:21  Viking  
  45  4:26  SCV  
  45  4:29  SCV  
  45  4:31  Barracks x2  
  47  4:33  Supply Depot  
  47  4:39  SCV  
  47  4:40  Marine x2  
  47  4:41  SCV  
  51  4:49  Cyclone  
  54  4:54  SCV x2  
  54  4:57  Supply Depot  
  54  4:58  Marine  
  54  4:59  Marine  
  58  5:00  Starport Tech Lab  
  58  5:05  Engineering Bay  
  58  5:06  SCV x2  
  60  5:16  Refinery, Marine x2  
  60  5:18  SCV x2  
  64  5:31  SCV x2, Combat Shield  
  64  5:33  Marine x2  
  68  5:36  Starport Reactor  
  68  5:38  Terran Infantry Weapons Level 1  
  68  5:39  Marine x2  
  68  5:41  Factory Reactor  
  70  5:46  Supply Depot  
  70  6:00  Supply Depot, Refinery  
  70  6:08  SCV x2, Marine x2, Marauder x2  
  78  6:13  Stimpack  
  78  6:14  Medivac  
  78  6:17  Supply Depot  
  78  6:20  SCV x2  
  78  6:22  Supply Depot  
  78  6:25  Widow Mine x2  
  82  6:31  Marine x2  
  82  6:32  Marauder x2  
  88  6:34  Missile Turret  
  88  6:36  Missile Turret  
  87  6:42  SCV  
  82  6:47  Medivac x2  
  82  6:49  Widow Mine, Marine  
  82  6:53  Marauder  
  84  7:02  Marauder  
  84  7:04  Marine  
  84  7:08  Marine  
  84  7:09  Concussive Shells  
  84  7:15  Marauder  
  86  7:16  Command Center  
  86  7:17  Armory  
  86  7:18  Widow Mine x2  
  86  7:22  Marine  
  91  7:24  Marauder  
  91  7:25  Marine  
  94  7:30  Medivac x2  
  94  7:35  Marine  
  99  7:40  Marine  
  100  7:46  Barracks  
  100  7:47  Barracks, Terran Infantry Armor Level 1  
  100  7:48  Marine  
  100  7:50  Marauder  
  107  7:51  Widow Mine x2  
  107  7:54  Marauder  
  107  7:56  Supply Depot, SCV  
  110  8:04  SCV, Marine  
  110  8:05  Supply Depot  
  110  8:09  Supply Depot  
  110  8:17  Marine  
  110  8:18  Marauder x2  
  115  8:23  SCV x2  
  117  8:35  SCV  
  117  8:38  Missile Turret  
  117  8:39  Barracks Reactor, Barracks Tech Lab, Marauder  
  117  8:40  Marauder  
  117  8:41  SCV  
  123  8:45  Marine x2, Ghost Academy  
  123  8:47  SCV  
  123  8:48  Widow Mine  
  128  8:57  SCV x2  
  128  8:58  Supply Depot  
  128  8:59  Marauder  
  132  9:04  Medivac x2  
  136  9:10  Marine x2  
  136  9:11  Marauder  
  136  9:14  SCV  
  136  9:16  Marine x2  
  143  9:17  Ghost  
  143  9:33  Ghost x2, Marine  
  143  9:34  SCV, Marine  
  143  9:37  Orbital Command  
  148  9:40  Terran Infantry Weapons Level 2  
  148  9:47  Ghost, Enhanced Shockwaves, Marine x2  
  152  9:55  Viking  
  152  9:58  Marine x2  
  156  10:02  Refinery x2  
  154  10:08  Marine, Marauder x2  
  154  10:09  Marine  
  154  10:12  Supply Depot  
  156  10:17  SCV x3  
  159  10:26  Command Center  
  159  10:27  Marauder  
  161  10:30  Viking  
  163  10:40  Viking  
  163  10:42  Ghost, Marine x4  
  173  10:57  Marauder  
  173  11:03  Supply Depot  
  173  11:05  Supply Depot  
  173  11:24  Marine x5  
  173  11:25  Marauder  
  180  11:26  Liberator x2  
  180  11:27  Marauder  
  180  11:30  Starport  
  188  11:35  Terran Ship Weapons Level 1  
  188  11:36  Personal Cloaking  
  188  11:40  SCV x3  
  188  11:41  Factory Reactor  
  188  11:42  Marine x2  
  193  11:51  Missile Turret  
  193  11:52  SCV x2  
  194  11:54  Ghost x3  
  194  12:01  Terran Infantry Weapons Level 3  
  200  12:27  Liberator  
  200  12:29  Orbital Command  
  195  12:33  Barracks  
  195  12:34  Barracks  
  195  12:35  Barracks  
  193  12:38  Liberator  
  193  12:42  Fusion Core, Liberator  
  193  12:58  Liberator  
  194  13:02  Nuke  
  194  13:08  Refinery x2  
  194  13:09  Liberator, Command Center  
  197  13:17  Command Center  
  197  13:21  Liberator  
  185  13:36  Advanced Ballistics, Liberator  
  185  13:38  Ghost x2, Marine x2  
  185  13:39  Marine x5  
  189  13:49  Liberator  
  189  13:51  Marauder  
  194  13:56  Marine  
  194  13:57  Liberator  
  197  14:15  Liberator  
  200  14:18  Sensor Tower  
  200  14:20  Sensor Tower  
  200  14:22  Missile Turret  
  200  14:36  Liberator  
  196  14:50  Terran Ship Weapons Level 2  
  196  14:59  Medivac x3  
  195  15:03  Marauder  
  195  15:19  Liberator  
  199  15:29  Marine x2, Liberator  
  195  15:54  Planetary Fortress  
  195  15:56  Command Center  
  195  15:58  Command Center  
  195  16:00  Sensor Tower  
  195  16:02  Nuke  
  195  16:09  Medivac  
  195  16:10  Medivac x2  
  197  16:19  Marine x8  
  197  16:20  Marine x2  
  190  16:28  Liberator  
  193  16:37  Ghost x2  
  189  16:48  Marine x3  
  189  16:50  Liberator x2  
  189  16:53  Refinery  
  198  16:54  Refinery  
  198  17:02  Terran Infantry Armor Level 2, Command Center  
  198  17:09  Ghost  
  190  17:25  Liberator x2  
  190  17:26  Marine  
  190  17:27  Marine x3  
  196  17:33  Ghost x2, Liberator  
  196  17:34  Marine x3  
  183  17:38  Ghost  
  183  17:44  Marine x2, Liberator  
  183  17:45  Marine x2  
  183  17:47  Orbital Command x2  
  183  17:50  Missile Turret  
  187  17:51  Missile Turret, Marine  
  187  17:52  Marine x2  
  187  17:55  Armory  
  190  18:02  Marine x3  
  190  18:08  Marine x4, Liberator  
  190  18:09  Marine  
  194  18:24  Marine  
  194  18:25  Marine x3, Liberator x2  
  187  18:30  Medivac  
  189  18:46  Starport  
  189  18:49  Starport  
  189  18:53  Medivac  
  188  19:12  Medivac x3  
Show
View Real Time Build Order
Export as new Build Order

SKillous Protoss - Winner!

Build Orders: 1 Gate Expand, Phoenix Opening, Carriers 

Get SALT Encoding   

  12  0:00  Probe  
  13  0:12  Probe  
  14  0:17  Pylon  
  14  0:24  Probe  
  15  0:36  Gateway, Probe (Chrono Boost)  
  16  0:46  Probe (Chrono Boost), Assimilator  
  17  0:51  Probe (Chrono Boost)  
  18  1:03  Probe  
  19  1:15  Probe  
  20  1:27  Cybernetics Core  
  20  1:33  Nexus  
  20  1:40  Pylon  
  20  1:45  Probe  
  21  1:50  Assimilator  
  21  1:57  Probe  
  21  2:01  Adept (Chrono Boost)  
  24  2:10  Probe  
  25  2:17  Stargate  
  25  2:21  Adept (Chrono Boost)  
  25  2:22  Probe  
  28  2:33  Warp Gate  
  28  2:34  Probe  
  29  2:41  Shield Battery  
  29  2:45  Adept  
  29  2:46  Probe  
  29  2:49  Probe  
  33  2:58  Probe  
  34  3:02  Probe  
  34  3:04  Phoenix (Chrono Boost)  
  37  3:11  Shield Battery  
  37  3:12  Probe  
  36  3:14  Probe  
  37  3:20  Phoenix (Chrono Boost)  
  37  3:27  Probe  
  40  3:31  Probe  
  40  3:39  Probe  
  41  3:43  Probe  
  41  3:44  Assimilator x2  
  41  3:45  Phoenix  
  44  3:50  Pylon  
  44  3:52  Probe  
  43  3:58  Probe  
  36  4:04  Probe (Chrono Boost)  
  32  4:11  Probe (Chrono Boost)  
  32  4:16  Probe (Chrono Boost)  
  32  4:18  Phoenix  
  32  4:22  Probe (Chrono Boost)  
  35  4:25  Adept  
  35  4:27  Probe (Chrono Boost)  
  35  4:29  Probe (Chrono Boost)  
  39  4:36  Probe  
  36  4:41  Probe  
  36  4:43  Phoenix  
  39  4:49  Probe (Chrono Boost)  
  40  4:58  Probe (Chrono Boost)  
  42  5:01  Probe (Chrono Boost)  
  42  5:03  Robotics Facility  
  42  5:06  Probe (Chrono Boost)  
  43  5:07  Probe (Chrono Boost)  
  43  5:12  Phoenix  
  46  5:16  Probe (Chrono Boost)  
  48  5:23  Probe (Chrono Boost)  
  48  5:27  Probe (Chrono Boost)  
  48  5:28  Pylon  
  49  5:31  Adept  
  49  5:32  Probe (Chrono Boost)  
  52  5:37  Probe  
  53  5:43  Probe  
  53  5:48  Phoenix  
  53  5:49  Probe  
  55  5:57  Adept  
  55  6:02  Probe (Chrono Boost)  
  55  6:03  Probe (Chrono Boost)  
  59  6:09  Robotics Bay, Observer  
  60  6:11  Pylon  
  60  6:16  Probe (Chrono Boost)  
  59  6:23  Pylon  
  59  6:27  Pylon  
  59  6:29  Probe, Phoenix  
  62  6:41  Probe  
  60  6:47  Probe  
  60  6:53  Probe, Adept  
  64  6:54  Phoenix  
  64  6:55  Colossus (Chrono Boost)  
  64  7:00  Probe  
  71  7:02  Extended Thermal Lance  
  71  7:05  Pylon  
  71  7:07  Observer  
  71  7:19  Probe  
  71  7:22  Nexus, Phoenix  
  74  7:25  Pylon  
  74  7:29  Sentry  
  76  7:35  Colossus (Chrono Boost)  
  82  7:40  Shield Battery  
  82  7:41  Probe  
  82  7:42  Probe  
  84  7:47  Phoenix (Chrono Boost)  
  86  7:53  Probe  
  86  7:55  Probe  
  88  8:03  Phoenix  
  90  8:06  Probe  
  90  8:08  Pylon  
  90  8:09  Probe  
  90  8:10  Shield Battery  
  92  8:16  Forge  
  92  8:18  Probe  
  93  8:26  Colossus (Chrono Boost)  
  93  8:27  Pylon  
  93  8:30  Phoenix  
  93  8:32  Probe  
  102  8:40  Probe x2  
  104  8:45  Stargate  
  104  8:46  Assimilator x2  
  104  8:51  Probe  
  104  8:55  Probe, Phoenix  
  108  8:56  Protoss Air Weapons Level 1 (Chrono Boost)  
  108  8:57  Zealot  
  108  8:59  Pylon  
  108  9:00  Probe  
  111  9:09  Disruptor (Chrono Boost)  
  112  9:10  Shield Battery  
  112  9:12  Shield Battery, Probe  
  114  9:17  Probe x2  
  116  9:24  Shield Battery  
  116  9:25  Shield Battery  
  116  9:26  Fleet Beacon  
  116  9:29  Probe  
  116  9:30  Probe  
  116  9:36  Photon Cannon  
  116  9:39  Photon Cannon  
  116  9:42  Observer (Chrono Boost)  
  116  9:44  Probe  
  119  9:49  Photon Cannon  
  119  9:51  Pylon  
  119  9:52  Pylon  
  118  9:55  Disruptor (Chrono Boost)  
  120  10:01  Photon Cannon  
  120  10:05  Probe x3  
  119  10:10  Carrier (Chrono Boost)  
  125  10:17  Carrier (Chrono Boost)  
  131  10:23  Stargate, Anion Pulse-Crystals (Chrono Boost)  
  131  10:30  Disruptor  
  134  10:42  Photon Cannon  
  133  10:43  Photon Cannon  
  133  10:46  Photon Cannon  
  133  10:47  Pylon  
  131  11:02  Photon Cannon, Protoss Air Weapons Level 2 (Chrono Boost)  
  131  11:03  Carrier (Chrono Boost)  
  137  11:10  Carrier (Chrono Boost)  
  143  11:11  Observer  
  143  11:15  Pylon  
  143  11:22  Carrier (Chrono Boost)  
  149  11:34  Observer  
  149  11:36  Nexus  
  149  11:37  Pylon  
  150  11:42  Pylon  
  150  11:44  Pylon  
  149  11:57  Observer  
  155  12:13  Carrier (Chrono Boost)  
  155  12:14  Pylon, Nexus  
  155  12:15  Carrier (Chrono Boost)  
  161  12:16  Shield Battery  
  161  12:17  Photon Cannon  
  161  12:21  Observer  
  162  12:29  Carrier (Chrono Boost)  
  162  12:31  Observer  
  168  12:40  Assimilator  
  168  12:43  Pylon, Assimilator  
  168  12:45  Photon Cannon  
  168  12:56  Observer  
  168  12:57  Observer  
  168  13:07  Photon Cannon  
  168  13:10  Pylon  
  168  13:12  Photon Cannon  
  168  13:14  Photon Cannon x2  
  168  13:17  Carrier (Chrono Boost)  
  174  13:24  Shield Battery  
  172  13:50  Pylon  
  172  13:52  Photon Cannon, Protoss Air Weapons Level 3 (Chrono Boost)  
  172  13:54  Photon Cannon  
  172  13:59  Carrier (Chrono Boost)  
  178  14:09  Carrier (Chrono Boost)  
  184  14:18  Carrier (Chrono Boost)  
  194  15:05  Observer  
  196  15:08  Carrier (Chrono Boost)  
  196  15:31  Nexus  
  196  15:41  Pylon  
  179  15:50  Carrier (Chrono Boost)  
  179  15:51  Stalker  
  179  15:55  Disruptor  
  194  16:00  Carrier (Chrono Boost)  
  194  16:09  Carrier (Chrono Boost)  
  199  16:31  Observer  
  200  16:39  Protoss Air Armor Level 1 (Chrono Boost)  
  199  16:43  Photon Cannon  
  199  16:50  Protoss Shields Level 1  
  199  16:55  Assimilator  
  199  16:57  Assimilator  
  199  17:12  Disruptor (Chrono Boost)  
  197  17:33  Observer  
  183  17:38  Disruptor (Chrono Boost)  
  186  17:49  Photon Cannon  
  186  17:52  Photon Cannon  
  186  18:01  Disruptor (Chrono Boost)  
  189  18:37  Carrier  

Tags
 
Add a new tag
Caveats
  • Supply blocks, unpowered buildings, or Contaminate may cause inaccurate times.
  • Supply counts are checked every 10 seconds.